 Dungeon Crawl Stone Soup version 0.27.1-15-g792fb953b9 (webtiles) character file.

Game seed: 6941741808470390459

0 spaced the Skirmisher (level 1, -30/18 HPs)
             Began as a Demonspawn Abyssal Knight on Nov 20, 2021.
             Was a Follower of Lugonu.
             Annihilated by a tentacled starspawn (35 damage)
             ... on level 1 of the Abyss.
             The game lasted 00:00:44 (78 turns).

spaced the Skirmisher (Demonspawn Abyssal Knight)     Turns: 78, Time: 00:00:45

Health: -30/18     AC:  3    Str: 12    XL:     1   Next: 0%
Magic:  2/2        EV: 11    Int: 13    God:    Lugonu [*.....]
Gold:   21         SH:  0    Dex: 12    Spells: 0/0 levels left

rFire    . . .     SeeInvis .   a - +1 falchion
rCold    . . .     Faith    .   (no shield)
rNeg     . . .     Spirit   .   b - +0 leather armour
rPois    .         Reflect  .   (no helmet)
rElec    .         Harm     .   (no cloak)
rCorr    .         Rampage  .   (no gloves)
Will     .....                  (no boots)
Stlth    +.........             (no amulet)
HPRegen  0.06/turn              (no ring)
MPRegen  0.08/turn              (no ring)

@: no status effects
A: no striking features
a: Renounce Religion, Depart the Abyss


You were on level 1 of the Abyss.
You worshipped Lugonu.
Lugonu was aware of your devotion.
You visited 0 branches of the dungeon, and saw 0 of its levels.
You visited the Abyss 1 time.

You collected 21 gold pieces.

Inventory:

Hand Weapons
 a - a +1 falchion (weapon)
Armour
 b - a +0 leather armour (worn)
Potions
 c - a potion of curing {unknown}


   Skills:
 + Level 3.0 Fighting
 + Level 1.7 Long Blades
 + Level 1.7 Armour
 + Level 0.8 Dodging
 + Level 2.4 Invocations


You couldn't memorise any spells.
You didn't know any spells.
Your spell library was empty.

Dungeon Overview and Level Annotations

Branches:
Dungeon (0/15)

Altars:


Message History

Found a corrupted altar of Lugonu.
Found a gateway leading out of the Abyss.
Found 9 gold pieces.
Found a coppery potion.
Found a gateway leading out of the Abyss.
There is a gateway leading out of the Abyss here.
You now have 9 gold pieces.
c - a coppery potion
Found 12 gold pieces.
You now have 21 gold pieces (gained 12).
A tentacled starspawn comes into view.
A tentacled starspawn is nearby!
You don't know any spells.
Your library has no spells.
Okay, then.
A tentacle flies out from the starspawn's body!
A starspawn tentacle comes into view.
The starspawn tentacle grabs you. The starspawn tentacle constricts you.
A starspawn tentacle comes into view.
You hit the starspawn tentacle but do no damage.
The starspawn tentacle loses its grip on you.
The tentacle pulls you backwards!
Found a gateway leading deeper into the Abyss.
The starspawn tentacle grabs you. The starspawn tentacle constricts you.
The starspawn tentacle loses its grip on you.
A tentacle flies out from the starspawn's body!
A starspawn tentacle comes into view.
The starspawn tentacle grabs you. The starspawn tentacle constricts you.
You hit the tentacled starspawn but do no damage.
The starspawn tentacle loses its grip on you.
The tentacled starspawn bites you.
The tentacled starspawn completely misses you.
The starspawn tentacle grabs you. The starspawn tentacle constricts you.
* * * LOW HITPOINT WARNING * * *
You hit the tentacled starspawn.
The starspawn tentacle loses its grip on you.
The tentacled starspawn is lightly damaged.
The tentacled starspawn bites you!!
Ouch! That really hurt!
You die...

#.. #.#....... .
.. #..## ..###..
#. . ...#..###.#.
# # .# #.#
....#...# . #
#.##..Λ#####....#.
.#.#....│#.#.#.. .
...
.....##│##>.##....
.. ####...#.X.# .
##. # ##│#@#>##.#
#.#w.w...#
##.#####.... #.
#.. .# .. .#. .##
..


You could see a tentacled starspawn and 2 starspawn tentacles.

Vanquished Creatures (others)
  2 starspawn tentacles (Abyss:1)
2 creatures vanquished.

Notes
Turn   | Place    | Note
-------+----------+-------------------------------------------
     0 | Abyss:1  | spaced the Demonspawn Abyssal Knight began the quest for
                  | the Orb.
     0 | Abyss:1  | Reached XP level 1. HP: 18/18 MP: 2/2
    67 | Abyss:1  | Noticed a tentacled starspawn
    78 | Abyss:1  | Annihilated by a tentacled starspawn

Illustrated notes

Levels and vault maps discovered:
Abyss:1:  base: Temple, base:
Temple

Action                   || total
-------------------------++-------
Melee: Falchion          ||     3
Dodge: Dodged            ||     1
